 Dungeon Crawl Stone Soup version 0.30.0-5-g1a98f26d00 (webtiles) character file.

Game seed: 7962269936177779736

27 SnakkuSnakku7 the Firebug (level 3, -4/18 HPs)
             Began as a Vine Stalker Fire Elementalist on May 13, 2023.
             Succumbed to Jessica's poison
             ... on level 2 of the Dungeon.
             The game lasted 00:01:08 (637 turns).

SnakkuSnakku7 the Firebug (VSFE)                     Turns: 637, Time: 00:01:08

Health: -4/18      AC:  2    Str: 12    XL:     3   Next: 10%
Magic:  2/7        EV: 12    Int: 15    God:
Gold:   40         SH:  0    Dex: 14    Spells: 5/6 levels left

rFire   . .          .
                       - Unarmed
rCold   . . .        (no shield)
rNeg    . . .        a - +0 robe
rPois   .            (no helmet)
rElec   .            (no cloak)
rCorr   .            (no gloves)
SInv    .            (no boots)
Will    .....        (no amulet)
Stlth   ++           (no ring)
HPRegen 0.23/turn    (no ring)
MPRegen 0.10/turn

%: guardian spirit
@: lethally poisoned (-4 -> -31)
A: fangs 2, magic shield, antimagic bite, no potion heal 2
a: no special abilities


You were on level 2 of the Dungeon.
You visited 1 branch of the dungeon, and saw 2 of its levels.

You collected 40 gold pieces.

Inventory:

Armour
 a - a +0 robe (worn)
Scrolls
 d - a scroll of blinking {unknown}
 e - a scroll of identify {unknown}
 f - a scroll of vulnerability {unknown}
Potions
 b - a potion of magic
 c - 5 potions of curing {unknown}


   Skills:
 + Level 1.5 Fighting
 - Level 1.5 Dodging
 - Level 2.4 Stealth
 + Level 1.7 Unarmed Combat
 - Level 2.1 Spellcasting
 - Level 1.0 Conjurations
 - Level 3.0 Fire Magic


You had 5 spell levels left.
You knew the following spells:

 Your Spells              Type           Power      Damage    Failure   Level
a - Foxfire               Conj/Fire      28%        2x1d5     10%         1

Your spell library contained the following spells:

 Spells                   Type           Power      Damage    Failure   Level
 Scorch                   Fire           20%        2d6       10%         2
 Sublimation of Blood     Necr           1%         N/A       32%         2
 Wereblood                Tmut           1%         N/A       32%         2
 Inner Flame              Hex/Fire       6%         N/A       34%         3
 Volatile Blastmotes      Fire/Tloc      12%        2d11      34%         3
 Flame Wave               Conj/Fire      7%         2d5       67%         4
 Summon Hydra             Summ           0%         N/A       100%        7


Dungeon Overview and Level Annotations

Branches:
Dungeon (2/15)

Altars:

Annotations:
D:2 Jessica


Innate Abilities, Weirdness & Mutations

You have extremely sharp teeth.
When hurt, damage is shared between your health and your magic reserves.
Your bite disrupts and absorbs the magic of your enemies.
Potions cannot restore your health.


Message History

You hit the goblin.
You kill the goblin!
You hit the hobgoblin. You bite the hobgoblin.
You kill the hobgoblin!
No target in view!
Jessica and a ball python come into view.
Jessica is wielding a +2 dagger of venom and wearing a +1 robe of willpower.
Found a stone staircase leading up.
The ball python moves out of view.
You conjure some foxfire!
Jessica shouts!
Your foxfire dissipates!
The foxfire hits Jessica.
Jessica is moderately wounded.
You conjure some foxfire!
Jessica closely misses you.
You hit Jessica but do no damage.
Jessica is moderately wounded.
The foxfire hits Jessica but does no damage.
Jessica is moderately wounded.
The foxfire hits Jessica.
Jessica is severely wounded.
Jessica hits you with a +2 dagger of venom.
You are poisoned.
You hit Jessica. You punch Jessica, but do no damage.
Jessica is severely wounded.
You feel very sick.
Jessica hits you with a +2 dagger of venom.
You are more poisoned.
Unknown command.
You are too injured to fight recklessly!
* * * LOW HITPOINT WARNING * * *
You feel very sick. Jessica closely misses you. The ball python bites you.
* * * LOW HITPOINT WARNING * * *
The ball python barely misses you.
Unknown command.
Jessica attacks as you move away!
Jessica hits you with a +2 dagger of venom.
* * * LOW HITPOINT WARNING * * *
You are more poisoned.
You die...

###### #..... # #
########..####
....#.#....†.......#
.......@....### ..
..............# ...
....#......$###
.....###..##....


You could see a worm, Jessica and a ball python.

Vanquished Creatures
  A dart slug (D:1)
  2 ball pythons (D:1)
  3 endoplasms (D:1)
  A giant cockroach (D:1)
  3 goblins
  3 hobgoblins
  A quokka (D:1)
  A bat (D:1)
  2 frilled lizards (D:1)
  3 kobolds (D:1)
  3 rats
23 creatures vanquished.

Vanquished Creatures (others)
  39 foxfires
39 creatures vanquished.

Grand Total: 62 creatures vanquished

Notes
Turn   | Place    | Note
-------+----------+-------------------------------------------
     0 | D:1      | SnakkuSnakku7 the Vine Stalker Fire Elementalist began the
                  | quest for the Orb.
     0 | D:1      | Reached XP level 1. HP: 9/9 MP: 4/4
   171 | D:1      | Reached skill level 1 in Unarmed Combat
   171 | D:1      | Reached XP level 2. HP: 14/14 MP: 0/6
   176 | D:1      | Reached skill level 1 in Fighting
   611 | D:2      | Reached XP level 3. HP: 16/18 MP: 4/7
   630 | D:2      | Noticed Jessica
   637 | D:2      | Succumbed to Jessica's poison

Illustrated notes

Levels and vault maps discovered:
D:1:      giann_wishing_wells, layout_basic
D:2:      layout_rooms, uniq_jessica

Skill      XL: |  1  2 |
---------------+-------+-----
Unarmed Combat | 1 |  1.7
Fighting       | 1 |  1.5
Dodging        | |  1.5
Stealth        | |  2.4
Spellcasting   | |  2.1
Conjurations   | |  1.0
Fire Magic     | |  3.0

Action                     || total
---------------------------++-------
  Melee: Unarmed           ||    27
         Bite              ||     7
         Punch             ||     1
   Cast: Foxfire           ||    27
 Armour: Robe              ||     8
  Dodge: Dodged            ||    27
